 Dungeon Crawl Stone Soup version 0.22-a0-322-g60b3cfd (webtiles) character file.

198 Kairos the Covered (level 6, -5/70 HPs)
             Began as a Human Fighter on Apr 5, 2018.
             Killed by nerve-wracking pain
             ... invoked by Grinder
              (14 damage)
             ... on level 3 of the Dungeon.
             The game lasted 00:05:01 (3216 turns).

Kairos the Covered (Human Fighter)                  Turns: 3216, Time: 00:05:01

Health: -5/70      AC:  7    Str: 22    XL:     6   Next: 5%
Magic:  6/6        EV:  8    Int:  2    God:
Gold:   105        SH: 10    Dex: 14    Spells: 5/5 levels left

rFire    . . .     SeeInvis .   a - +0 flail
rCold    . . .     Gourm    .   c - +0 shield
rNeg     . . .     Faith    .   b - +0 scale mail
rPois    .         Spirit   .   (no helmet)
rElec    .         Reflect  .   (no cloak)
rCorr    .         Harm     .   (no gloves)
MR       .....                  (no boots)
Stlth    ..........             g - amulet of rage
HPRegen  0.21/turn              s - -6 ring of intelligence (curse)
MPRegen  0.10/turn              (no ring)

@: berserking, very quick
A: no striking features
a: Evoke Berserk Rage


You were on level 3 of the Dungeon.
You were not hungry.

You visited 1 branch of the dungeon, and saw 3 of its levels.

You collected 105 gold pieces.

Inventory:

Hand Weapons
 a - a +0 flail (weapon)
 l - a +3 hunting sling
 n - a +0 short sword of holy wrath
 q - a cursed -2 trident
Armour
 b - a +0 scale mail (worn)
 c - a +0 shield (worn)
Jewellery
 g - an amulet of rage (around neck)
 s - a cursed -6 ring of intelligence (left hand)
 u - an uncursed amulet of the acrobat
Scrolls
 j - a scroll of identify {unknown}
 o - a scroll of enchant weapon {unknown}
 p - a scroll of remove curse {unknown}
 r - a scroll of immolation {unknown}
 v - a scroll of fear {unknown}
 w - a scroll of teleportation {unknown}
Potions
 d - 3 potions of might
 e - a potion of curing {unknown}
 h - a potion of invisibility
 i - a potion of heal wounds {unknown}
 k - a potion of lignification {unknown}
 m - a potion of degeneration {unknown}
 t - a potion of mutation {unknown}
Comestibles
 f - a ration


   Skills:
 + Level 3.5 Fighting
 + Level 3.5 Maces & Flails
 + Level 4.1 Armour
 + Level 1.0 Dodging
 + Level 0.2 Stealth
 + Level 3.8 Shields
 + Level 0.2 Evocations


You had 5 spell levels left.
You didn't know any spells.

Dungeon Overview and Level Annotations

Branches:
Dungeon (3/15)

Altars:

Annotations:
D:3 Grinder


Message History

Pain shoots through your body!
* * * LOW HITPOINT WARNING * * *
Unknown command.
You remove your amulet of the acrobat.
g - an amulet of rage (around neck)
You block Grinder's attack.
A red film seems to cover your vision as you go berserk!
You feel yourself moving faster!
You feel mighty!
You feel a lot more hungry. Grinder completely misses you.
You bludgeon Grinder!!
Grinder is almost dead.
Grinder gestures at you. Pain shoots through your body!
* * * LOW HITPOINT WARNING * * *
You completely miss Grinder.
Grinder is almost dead.
Grinder grins, showing sharp teeth.
Grinder gestures at you. Pain shoots through your body!
You die...

#.#....#...#
#......#...#
###..#####.#
#....#...#
#.##.#.###
#.##.....#
#.########
#.##########
#..5@.......
#.##########
#.# #.# #.#
#.# #.8 #.


You could see Grinder.

Vanquished Creatures
  Terence (D:3)
  Natasha (twice) (D:2)
  A worker ant (D:2)
  3 adders (D:2)
  2 worms (D:2)
  A dart slug (D:2)
  2 orcs
  2 ball pythons (D:1)
  3 giant cockroaches
  8 goblins
  15 hobgoblins
  2 jackals (D:2)
  10 kobolds
  3 bats
  3 frilled lizards (D:2)
  6 rats
64 creatures vanquished.

Vanquished Creatures (others)
  Natasha (D:2)
  6 toadstools (D:3)
7 creatures vanquished.

Grand Total: 71 creatures vanquished

Notes
Turn   | Place    | Note
-------+----------+-------------------------------------------
     0 | D:1      | Kairos the Human Fighter began the quest for the Orb.
     0 | D:1      | Reached XP level 1. HP: 18/18 MP: 1/1
    42 | D:1      | Reached XP level 2. HP: 13/24 MP: 2/2
   433 | D:1      | Reached XP level 3. HP: 20/29 MP: 3/3
  1152 | D:2      | Reached XP level 4. HP: 25/35 MP: 4/4
  1722 | D:2      | Noticed Natasha
  1733 | D:2      | Killed Natasha
  2122 | D:2      | Noticed Natasha
  2132 | D:2      | Killed Natasha
  2132 | D:2      | Reached XP level 5. HP: 27/41 MP: 5/5
  2420 | D:2      | Noticed Natasha
  2438 | D:2      | Killed Natasha
  2625 | D:2      | Reached skill level 4 in Armour
  2879 | D:3      | Noticed Terence
  2892 | D:3      | Killed Terence
  2892 | D:3      | Reached skill level 1 in Dodging
  2893 | D:3      | Reached XP level 6. HP: 46/47 MP: 6/6
  3196 | D:3      | Noticed Grinder
  3203 | D:3      | Paralysed by Grinder for 7 turns
  3216 | D:3      | Killed from afar by Grinder

Vault maps used:
D:1:      shiori_arrival_oz
D:2:      minmay_diamond_boxcup, uniq_natasha
D:3:      cheibrodos_fertilizer, minitemple, corexii_shack, uniq_terence,
          uniq_grinder

Skill      XL: |  1  2  3  4  5 |
---------------+----------------+-----
Maces & Flails | 3 |  3.5
Armour         | 4 |  4.1
Dodging        | 1 |  1.0
Fighting       | |  3.5
Stealth        | |  0.2
Shields        | |  3.8
Evocations     | |  0.2

Action                   |  1- 3 |  4- 6 || total
-------------------------+-------+-------++-------
Melee: Flail             |   139 |   138 ||   277
 Abil: Evoke Berserk Rag |       |     2 ||     2
  Eat: Chunk             |       |     6 ||     6
       Ration            |       |     1 ||     1
Armor: Scale mail        |    51 |    40 ||    91
Dodge: Dodged            |    49 |    36 ||    85
Block: Shield            |    78 |    61 ||   139

Table legend:
 A = Spawn XP
 B = Non-spawn XP
 C = Spawn XP percentage of total XP
 D = Spawn monster count
 E = Non-spawn monster count
 F = Spawn count percentage of total count
 G = Total turns spent on level
                    A         B        C        D         E        F      G
               +---------+---------+-------+---------+---------+-------+---------
         Total |       0 |     283 |   0.0 |       0 |      64 |   0.0 |  3216
               +---------+---------+-------+---------+---------+-------+---------
           D:1 |       0 |      40 |   0.0 |       0 |      23 |   0.0 |   774
           D:2 |       0 |     192 |   0.0 |       0 |      32 |   0.0 |  1874
           D:3 |       0 |      51 |   0.0 |       0 |       9 |   0.0 |   568
               +---------+---------+-------+---------+---------+-------+---------
